 Dungeon Crawl Stone Soup version 0.21-a0-442-g848f44b (webtiles) character file.

145 Dysjunc the Conjurer (level 5, -4/37 HPs)
             Began as a Gnoll Conjurer on Nov 13, 2017.
             Slain by Grinder (7 damage)
             ... while paralysed by Grinder
             ... on level 3 of the Dungeon.
             The game lasted 00:09:57 (2244 turns).

Dysjunc the Conjurer (Gnoll Conjurer)               Turns: 2244, Time: 00:09:58

Health: -4/37      AC:  5    Str: 10    XL:     5   Next: 27%
Magic:  5/12       EV:  2    Int: 19    God:
Gold:   135        SH:  0    Dex: 15    Spells: 4/14 levels left

rFire    . . .     SeeInvis .   d - +0 mace
rCold    . . .     Gourm    .   (no shield)
rNeg     . . .     Faith    .   i - +0 ring mail
rPois    .         Spirit   .   (no helmet)
rElec    .         Reflect  .   (no cloak)
rCorr    .         Harm     .   (no gloves)
MR       .....                  (no boots)
Stlth    ++........             (no amulet)
HPRegen  0.12/turn              (no ring)
MPRegen  0.13/turn              (no ring)

@: paralysed, hasted
A: distributed training, fangs 1, strong nose
a: no special abilities


You were on level 3 of the Dungeon.
You were not hungry.

You visited 1 branch of the dungeon, and saw 3 of its levels.

You collected 135 gold pieces.

Inventory:

Hand Weapons
 d - a +0 mace (weapon)
Missiles
 j - 20 arrows
 s - a throwing net (quivered)
Armour
 a - a +1 robe
 i - a +0 ring mail (worn)
 p - a +0 plate armour
 v - a +0 pair of boots
Wands
 o - a wand of clouds (5/9)
Scrolls
 r - a scroll of fog {unknown}
 u - a scroll of amnesia {unknown}
Potions
 e - 2 potions of resistance
 f - 2 potions of heal wounds
 h - a potion of haste
 m - a potion of invisibility {unknown}
 q - a potion of mutation
 t - a potion of lignification
Books
 b - a book of Conjurations

   Spells                             Type                      Level
   a - Magic Dart                     Conjuration                  1
   b - Searing Ray                    Conjuration                  2
   c - Dazzling Spray                 Conjuration/Hexes            3
   d - Fulminant Prism                Conjuration/Hexes            4
   e - Force Lance                    Conjuration/Translocation    4
   f - Iskenderun's Mystic Blast      Conjuration                  4
Comestibles
 c - 2 bread rations
 g - a meat ration
 k - 3 fruits
 l - 2 chunks of flesh
 n - 2 royal jellies


   Skills:
 + Level 1.4 Fighting
 + Level 1.4 Short Blades
 + Level 1.4 Long Blades
 + Level 1.4 Axes
 + Level 1.4 Maces & Flails
 + Level 1.4 Polearms
 + Level 1.4 Staves
 + Level 1.4 Slings
 + Level 1.4 Bows
 + Level 1.4 Crossbows
 + Level 1.4 Throwing
 + Level 1.4 Armour
 + Level 4.7 Dodging
 + Level 4.3 Stealth
 + Level 1.4 Shields
 + Level 1.4 Unarmed Combat
 + Level 5.1 Spellcasting
 + Level 7.2 Conjurations
 + Level 1.1 Hexes
 + Level 1.1 Charms
 + Level 1.1 Summonings
 + Level 1.1 Necromancy
 + Level 1.1 Translocations
 + Level 1.1 Transmutations
 + Level 1.1 Fire Magic
 + Level 1.1 Ice Magic
 + Level 1.1 Air Magic
 + Level 1.1 Earth Magic
 + Level 1.1 Poison Magic
 + Level 1.5 Invocations
 + Level 1.4 Evocations


You had 4 spell levels left.
You knew the following spells:

 Your Spells              Type           Power        Failure   Level  Hunger
a - Searing Ray           Conj           ####..       2%          2    #......
q - Magic Dart            Conj           ####         1%          1    None
s - Dazzling Spray        Conj/Hex       ###...       17%         3    ##.....
w - Iskenderun's Mystic   Conj           ####....     16%         4    ####...


Dungeon Overview and Level Annotations

Branches:
Dungeon (3/15)

Altars:
Xom

Annotations:
D:3 Grinder


Innate Abilities, Weirdness & Mutations

Your experience applies equally to all skills.
You have very sharp teeth.
Your uncanny sense of smell can sniff out nearby items.


Message History

Press: ? - help, Shift-Dir - straight line, f/p - Grinder
Aim: Grinder (lightly wounded)
The spray of energy hits Grinder.
Grinder is moderately wounded.
It was a potion of haste.
You feel yourself speed up. Grinder gestures at you.
You suddenly lose the ability to move!
Grinder hits you!
* * * LOW HITPOINT WARNING * * *
You writhe in agony.
* * * LOW HITPOINT WARNING * * *
Grinder hits you.
* * * LOW HITPOINT WARNING * * *
You writhe in agony.
* * * LOW HITPOINT WARNING * * *
Grinder gestures at you. Pain shoots through your body!
* * * LOW HITPOINT WARNING * * *
Grinder hits you!
You die...

###### #..... #.####
#########.########...#
#.....@5.............#
#.#######.#..#####...#
#.# .. #..## ∆ #.# .
######..# #.# %# #
#.......# #.# #.# .#
#.#####.# #.###.# #$#.
#.# #....###5...
.#####.###
######5#.#.#
#.........#


You could see Grinder.

Vanquished Creatures
  4 gnolls (D:2)
  5 adders
  A worm (D:2)
  2 dart slugs
  A leopard gecko (D:1)
  An orc (D:3)
  7 bats
  4 giant cockroaches
  6 goblins
  5 hobgoblins
  4 kobolds
  2 quokkas (D:2)
  2 ball pythons (D:3)
  5 frilled lizards
  7 rats
56 creatures vanquished.

Notes
Turn   | Place    | Note
-------+----------+-------------------------------------------
     0 | D:1      | Dysjunc the Gnoll Conjurer began the quest for the Orb.
     0 | D:1      | Reached XP level 1. HP: 13/13 MP: 6/6
   169 | D:1      | Reached XP level 2. HP: 19/19 MP: 4/7
   302 | D:1      | Learned a level 2 spell: Searing Ray
   564 | D:1      | Reached XP level 3. HP: 25/25 MP: 7/9
   577 | D:1      | Reached skill level 5 in Spellcasting
   690 | D:1      | Learned a level 3 spell: Dazzling Spray
  1156 | D:2      | Reached skill level 1 in Invocations
  1192 | D:2      | Reached skill level 1 in Fighting
  1192 | D:2      | Reached skill level 1 in Short Blades
  1192 | D:2      | Reached skill level 1 in Long Blades
  1192 | D:2      | Reached skill level 1 in Axes
  1192 | D:2      | Reached skill level 1 in Maces & Flails
  1192 | D:2      | Reached skill level 1 in Polearms
  1192 | D:2      | Reached skill level 1 in Staves
  1192 | D:2      | Reached skill level 1 in Slings
  1192 | D:2      | Reached skill level 1 in Bows
  1192 | D:2      | Reached skill level 1 in Crossbows
  1192 | D:2      | Reached skill level 1 in Throwing
  1192 | D:2      | Reached skill level 1 in Armour
  1192 | D:2      | Reached skill level 1 in Shields
  1192 | D:2      | Reached skill level 1 in Unarmed Combat
  1192 | D:2      | Reached skill level 1 in Evocations
  1256 | D:2      | Reached XP level 4. HP: 32/32 MP: 6/11
  1450 | D:2      | Reached skill level 1 in Hexes
  1450 | D:2      | Reached skill level 1 in Charms
  1450 | D:2      | Reached skill level 1 in Summonings
  1450 | D:2      | Reached skill level 1 in Necromancy
  1450 | D:2      | Reached skill level 1 in Translocations
  1450 | D:2      | Reached skill level 1 in Transmutations
  1450 | D:2      | Reached skill level 1 in Fire Magic
  1450 | D:2      | Reached skill level 1 in Ice Magic
  1450 | D:2      | Reached skill level 1 in Air Magic
  1450 | D:2      | Reached skill level 1 in Earth Magic
  1450 | D:2      | Reached skill level 1 in Poison Magic
  1485 | D:2      | Learned a level 4 spell: Iskenderun's Mystic Blast
  1835 | D:3      | Reached XP level 5. HP: 28/37 MP: 6/12
  2121 | D:3      | Found a shimmering altar of Xom.
  2217 | D:3      | Noticed Grinder
  2239 | D:3      | Paralysed by Grinder for 7 turns
  2244 | D:3      | Slain by Grinder

Vault maps used:
D:1:      tarquinn_simple_flora_water_b, minmay_tromino_v4_a
D:2:      kiku_gazebo_garden_becter, minivault_26
D:3:      zin_academy, brannock_xom_greatest_gift, uniq_grinder, uniq_ijyb

Skill      XL: |  1  2  3  4 |
---------------+-------------+-----
Spellcasting   | 5 |  5.1
Invocations    | 1 |  1.5
Fighting       | 1 |  1.4
Short Blades   | 1 |  1.4
Long Blades    | 1 |  1.4
Axes           | 1 |  1.4
Maces & Flails | 1 |  1.4
Polearms       | 1 |  1.4
Staves         | 1 |  1.4
Slings         | 1 |  1.4
Bows           | 1 |  1.4
Crossbows      | 1 |  1.4
Throwing       | 1 |  1.4
Armour         | 1 |  1.4
Shields        | 1 |  1.4
Unarmed Combat | 1 |  1.4
Evocations     | 1 |  1.4
Hexes          | 1 |  1.1
Charms         | 1 |  1.1
Summonings     | 1 |  1.1
Necromancy     | 1 |  1.1
Translocations | 1 |  1.1
Transmutations | 1 |  1.1
Fire Magic     | 1 |  1.1
Ice Magic      | 1 |  1.1
Air Magic      | 1 |  1.1
Earth Magic    | 1 |  1.1
Poison Magic   | 1 |  1.1
Dodging        | |  4.7
Stealth        | |  4.3
Conjurations   | |  7.2

Action                   |  1- 3 |  4- 6 || total
-------------------------+-------+-------++-------
Melee: Mace              |    40 |    64 ||   104
       Bite              |     1 |     5 ||     6
 Cast: Magic Dart        |    38 |    13 ||    51
       Dazzling Spray    |     2 |     6 ||     8
       Iskenderun's Myst |       |     3 ||     3
       Searing Ray       |       |     2 ||     2
  Use: Scroll            |       |     8 ||     8
       Potion            |       |     1 ||     1
 Stab: Sleeping          |     5 |     2 ||     7
       Invisible         |     1 |     1 ||     2
  Eat: Chunk             |     1 |     2 ||     3
       Royal jelly       |       |     1 ||     1
Armor: Robe              |     4 |       ||     4
       Ring mail         |     5 |    21 ||    26
Dodge: Dodged            |    31 |    60 ||    91

Table legend:
 A = Spawn XP
 B = Non-spawn XP
 C = Spawn XP percentage of total XP
 D = Spawn monster count
 E = Non-spawn monster count
 F = Spawn count percentage of total count
 G = Total turns spent on level
                    A         B        C        D         E        F      G
               +---------+---------+-------+---------+---------+-------+---------
         Total |       0 |     208 |   0.0 |       0 |      56 |   0.0 |  2244
               +---------+---------+-------+---------+---------+-------+---------
           D:1 |       0 |      46 |   0.0 |       0 |      26 |   0.0 |  1072
           D:2 |       0 |     110 |   0.0 |       0 |      19 |   0.0 |   746
           D:3 |       0 |      52 |   0.0 |       0 |      11 |   0.0 |   426
               +---------+---------+-------+---------+---------+-------+---------
